 Dungeon Crawl Stone Soup version 0.28-a0-819-g6ef7baa362 (webtiles) character file.

Game seed: 6689008810419103485

882 iamoutofideas the Magician (level 7, -1/47 HPs)
             Began as a Demonspawn Fire Elementalist on Nov 9, 2021.
             Was a Follower of Vehumet.
             Slain by a wraith (8 damage)
             ... on level 6 of the Dungeon.
             The game lasted 00:08:57 (7592 turns).

iamoutofideas the Magician (DsFE)                   Turns: 7592, Time: 00:08:58

Health: -1/47      AC:  6    Str:  9    XL:     7   Next: 76%
Magic:  3/16       EV: 12    Int: 18    God:    Vehumet [*.....]
Gold:   104        SH:  0    Dex: 13    Spells: 8/18 levels left

rFire   + . .      SeeInvis .   s - +0 whip (vamp)
rCold   . . .      Faith    .   (no shield)
rNeg    . . .      Spirit   .   a - +0 robe
rPois   .          Reflect  .   (no helmet)
rElec   .          Harm     .   j - +1 cloak
rCorr   .          Rampage  .   (no gloves)
Will    .....                   n - +1 pair of boots
Stlth   ++........              (no amulet)
HPRegen 0.15/turn               d - ring of wizardry
MPRegen 0.15/turn               x - ring of protection from fire

@: slowed, very slow
A: hooves 1, demonic guardian 1
a: Renounce Religion


You were on level 6 of the Dungeon.
You worshipped Vehumet.
Vehumet was aware of your devotion.
You visited 2 branches of the dungeon, and saw 7 of its levels.

You collected 264 gold pieces.
You spent 160 gold pieces at shops.

Inventory:

Hand Weapons
 s - a +0 vampiric whip (weapon)
 w - the +5 scythe "Finisher" {speed, eviscerate}
   (You found it on level 5 of the Dungeon)

   Attacks with this weapon are significantly faster.
   It may eviscerate those it strikes, slaying them instantly, with a decreasing
   chance against stronger foes.
Missiles
 t - 2 throwing nets
Armour
 a - a +0 robe (worn)
 j - a +1 cloak (worn)
 n - a +1 pair of boots (worn)
 z - a scarf of repulsion
Jewellery
 d - a ring of wizardry (left hand)
 x - a ring of protection from fire (right hand)
Wands
 i - a wand of flame (64)
 l - a wand of iceblast (13)
Scrolls
 c - 2 scrolls of magic mapping {unknown}
 h - 2 scrolls of teleportation
 p - a scroll of silence
 r - a scroll of immolation {unknown}
 u - 2 scrolls of identify
 v - a scroll of enchant armour {unknown}
 y - a scroll of enchant weapon {unknown}
Potions
 b - 2 potions of degeneration {unknown}
 e - 4 potions of heal wounds
 f - 3 potions of haste
 g - 3 potions of might {unknown}
 k - a potion of mutation
 m - 3 potions of curing
 o - a potion of invisibility {unknown}
 q - 2 potions of resistance


   Skills:
 + Level 0.4 Fighting
 + Level 2.5 Dodging
 - Level 1.7 Stealth
 + Level 0.3 Unarmed Combat
 + Level 6.3 Spellcasting
 + Level 3.0 Conjurations
 + Level 4.7 Fire Magic


You had 8 spell levels left.
You knew the following spells:

 Your Spells              Type           Power      Damage    Failure   Level
a - Foxfire               Conj/Fire      76%        2x1d7     1%          1
b - Scorch                Fire           44%        2d7       1%          2
c - Conjure Flame         Conj/Fire      19%        6-21      2%          3
d - Flame Wave            Conj/Fire      19%        3d5       9%          4

Your spell library contained the following spells:

 Spells                   Type           Power      Damage    Failure   Level
 Sandblast                Erth           10%        2d5       4%          1
 Inner Flame              Hex/Fire       14%        N/A       5%          3
 Sublimation of Blood     Necr           5%         N/A       7%          2
 Wereblood                Tmut           5%         N/A       7%          2
 Summon Hydra             Summ           2%         N/A       100%        7


Dungeon Overview and Level Annotations

Branches:
Dungeon (6/15)             Temple (1/1) D:4

Altars:
Ashenzari
Cheibriados
Dithmenos
Elyvilon
Fedhas
Gozag
Hepliaklqana
Kikubaaqudgha
Makhleb
Okawaru
Qazlal
Ru
Sif Muna
Trog
Uskayaw
Vehumet
Wu Jian
Xom
Yredelemnul
Zin
The Shining One

Shops:
D:4 !


Innate Abilities, Weirdness & Mutations

You have large cloven feet.
A weak demonic guardian rushes to your aid.


Message History

A wave of flame ripples out!
The flame wave engulfs your foxfire.
Your foxfire completely resists.
The flame wave engulfs your foxfire.
Your foxfire completely resists.
The flame wave engulfs your foxfire.
Your foxfire completely resists.
The flame wave engulfs your foxfire.
Your foxfire completely resists.
The flame wave engulfs the wraith.
The wraith is lightly damaged. (Press . to intensify the flame waves.)
The foxfire hits the wraith but does no damage.
The wraith is lightly damaged.
The foxfire hits the wraith but does no damage.
The wraith is lightly damaged.
The foxfire hits the wraith but does no damage.
The wraith is lightly damaged.
The foxfire hits the wraith.
The wraith is lightly damaged.
The orc warrior hits you from afar with a +0 glaive!!
The wraith barely misses you.
The orc warrior hits you from afar with a +0 glaive!
* * * LOW HITPOINT WARNING * * *
Your ufetubus barely misses the wraith.
Your ufetubus hits the wraith but does no damage.
A wave of flame ripples out!
Your demonic guardian avoids your attack.
The flame wave engulfs the wraith.
The wraith is moderately damaged.
The flame wave engulfs the orc warrior.
The orc warrior is moderately wounded.
Your ufetubus completely misses the wraith.
Your ufetubus hits the wraith but does no damage.
The wraith barely misses you.
The orc warrior hits you from afar with a +0 glaive!
* * * LOW HITPOINT WARNING * * *
Your ufetubus hits the wraith but does no damage.
Your ufetubus completely misses the wraith.
The wraith hits you!
You die...

........$......
...(............
$...............
#.........!....
####........))....
............o.....
.........§5W......
.........§@# .
.......#.§##....
.................
#######.##.####.#
#.# ..# #.# #.#
#.# .. #.# ##. #.#
##


You could see a wraith (ally target), an orc warrior and a friendly ufetubus
(summoned).

Vanquished Creatures
  A sky beast (D:6)
  An ogre (D:5)
  A bullfrog zombie (D:5)
  4 orc priests
  Crazy Yiuf (D:2)
  3 hounds
  A jelly (D:4)
  An iguana (D:4)
  Jessica (D:2)
  Terence (D:2)
  An orc wizard (D:4)
  Natasha (D:2)
  A killer bee zombie (D:6)
  4 gnolls (D:5)
  6 adders
  A shadow imp (D:5)
  An adder zombie (D:5)
  A worm (D:2)
  14 orcs
  5 endoplasms
  6 giant cockroaches
  5 goblins
  11 hobgoblins
  4 jackals
  5 quokkas
  5 ball pythons
  2 bats
  2 frilled lizards
  9 kobolds
  A rat (D:2)
100 creatures vanquished.

Vanquished Creatures (collateral kills)
  A scorpion (D:4)
  A hobgoblin (D:1)
  A jackal (D:1)
3 creatures vanquished.

Vanquished Creatures (others)
  499 foxfires
499 creatures vanquished.

Grand Total: 602 creatures vanquished

Notes
Turn   | Place    | Note
-------+----------+-------------------------------------------
     0 | D:1      | iamoutofideas the Demonspawn Fire Elementalist began the
                  | quest for the Orb.
     0 | D:1      | Reached XP level 1. HP: 13/13 MP: 3/3
   221 | D:1      | Gained mutation: A weak demonic guardian rushes to your
                  | aid. [demonic ancestry]
   221 | D:1      | Reached XP level 2. HP: 19/19 MP: 1/5
   510 | D:1      | Learned a level 2 spell: Scorch
  1613 | D:1      | Gained mutation: You have large cloven feet. [demonic
                  | ancestry]
  1613 | D:1      | Reached XP level 3. HP: 24/24 MP: 4/6
  2180 | D:2      | Noticed Jessica
  2183 | D:2      | Killed Jessica
  2184 | D:2      | Reached skill level 3 in Spellcasting
  2305 | D:2      | Noticed Natasha
  2313 | D:2      | Killed Natasha
  2314 | D:2      | Reached XP level 4. HP: 30/30 MP: 1/8
  2405 | D:2      | Noticed Terence
  2445 | D:2      | Killed Terence
  2930 | D:2      | Found a runed translucent door.
  2931 | D:2      | Noticed Crazy Yiuf
  3398 | D:2      | Learned a level 3 spell: Conjure Flame
  3409 | D:2      | Killed Crazy Yiuf
  3410 | D:2      | Reached XP level 5. HP: 18/35 MP: 4/10
  3573 | D:2      | Learned a level 4 spell: Flame Wave
  3941 | D:3      | Found a faded altar of an unknown god.
  4459 | D:3      | Found a radiant altar of Vehumet.
  4473 | D:3      | Became a worshipper of Vehumet
  4966 | D:4      | Found a staircase to the Ecumenical Temple.
  5206 | D:4      | Reached skill level 4 in Spellcasting
  5361 | D:4      | Reached XP level 6. HP: 38/41 MP: 5/12
  5479 | D:4      | Found an ancient bone altar of Kikubaaqudgha.
  5479 | D:4      | Found a shimmering blue altar of Sif Muna.
  5542 | D:4      | Found a broken altar of Ashenzari.
  5546 | D:4      | Saw a vision of the Shoals and the Spider Nest.
  5546 | D:4      | Noticed a redback
  5546 | D:4      | Noticed a redback
  5546 | D:4      | Noticed a merfolk
  5546 | D:4      | Noticed a wind drake
  5546 | D:4      | Noticed a merfolk
  5546 | D:4      | Noticed a redback
  5546 | D:4      | Noticed a wolf spider
  5546 | D:4      | Noticed a redback
  5546 | D:4      | Noticed a merfolk
  5549 | D:4      | Noticed a redback
  5657 | D:4      | Found Yjopowk's Distillery.
  5665 | D:4      | Bought a potion of curing for 30 gold pieces
  5665 | D:4      | Bought a potion of curing for 30 gold pieces
  5665 | D:4      | Bought a potion of heal wounds for 50 gold pieces
  5665 | D:4      | Bought a potion of heal wounds for 50 gold pieces
  5798 | Temple   | Entered the Ecumenical Temple
  5942 | D:5      | Entered Level 5 of the Dungeon
  6142 | D:4      | HP: 1/41 [scorpion (7)]
  6268 | D:4      | Reached * piety under Vehumet
  6268 | D:4      | Offered knowledge of Sandblast by Vehumet.
  6269 | D:4      | Reached skill level 5 in Spellcasting
  6413 | D:5      | Reached XP level 7. HP: 47/47 MP: 6/14
  6632 | D:5      | Found a sacrificial altar of Ru.
  6674 | D:5      | Found the +5 scythe "Finisher" {speed, eviscerate}
  7259 | D:6      | Reached skill level 6 in Spellcasting
  7583 | D:6      | Noticed a wraith
  7592 | D:6      | Slain by a wraith

Illustrated notes

Levels and vault maps discovered:
D:1:      grunt_arrival_lava_bath, layout_basic
D:2:      layout_loops_corners, chequers_serial_rivers_micro_a, uniq_jessica,
          uniq_crazy_yiuf_cottage, uniq_natasha, uniq_terence
D:3:      layout_loops_ring, vehumet_altar_wand_db,
          hellmonk_ecumenical_altar_crossroads
D:4:      layout_cave_pools, nicolae_tso_swordbearing_angel,
          gammafunk_temple_overflow_statue, grunt_ashenzari_visionary
          [grunt_ashenzari_visionary_shoals, grunt_ashenzari_visionary_spider],
          minmay_temple_entry_ruins, serial_shops, shop, minmay_crystal_room
D:5:      layout_loops_cross, hangedman_ru_absence
D:6:      layout_rooms
Temple:   regret_index_temple_waves

Skill      XL: |  1  2  3  4  5  6  7 |
---------------+----------------------+-----
Fire Magic     | 3 4 |  4.7
Spellcasting   | 3 4 5 6 |  6.3
Dodging        | 2 |  2.5
Conjurations   | 2 3 |  3.0
Fighting       | |  0.4
Stealth        | |  1.7
Unarmed Combat | |  0.3

Action                   |  1- 3 |  4- 6 |  7- 9 || total
-------------------------+-------+-------+-------++-------
Melee: Unarmed           |    17 |    11 |       ||    28
       Kick              |     8 |       |       ||     8
       Whip              |       |     1 |       ||     1
 Cast: Foxfire           |    94 |   155 |    66 ||   315
       Scorch            |       |    14 |     2 ||    16
       Flame Wave        |       |     3 |     2 ||     5
  Use: Scroll            |       |     5 |       ||     5
       Potion            |       |     1 |       ||     1
Armor: Robe              |     3 |    21 |     1 ||    25
Dodge: Dodged            |    29 |    62 |     6 ||    97

Table legend: (Time is in decaauts)
 A = Elapsed time spent in this place.
 B = Non-inter-level travel time spent in this place.
 C = Inter-level travel time spent in this place.
 D = Time resting spent in this place.
 E = Time spent auto-exploring this place.
 F = Levels seen in this place.
 G = Mean time per level.
                   A        B        C        D        E       F      G
               +--------+--------+--------+--------+--------+-----+--------+
         Total |   7605 |   7215 |    390 |    202 |   6021 |   7 | 1086.4 |
       Dungeon |   7476 |   7115 |    361 |    202 |   5934 |   6 | 1246.0 |
        Temple |    128 |     99 |     29 |      0 |     87 |   1 |  128.0 |
               +--------+--------+--------+--------+--------+-----+--------+

Top non-repeatable levels by time:
     D:2: 1840 daAuts
     D:1: 1824 daAuts
     D:4: 1329 daAuts
     D:3: 1120 daAuts
     D:5: 886 daAuts
     D:6: 476 daAuts
  Temple: 128 daAuts
